 Dungeon Crawl Stone Soup version 0.19.5 (webtiles) character file.

146 Dexcius the Chopper (level 5, -1/70 HPs)
             Began as a Minotaur Berserker on Apr 3, 2017.
             Was a Believer of Trog.
             Slain by an ogre
             ... wielding a +0 giant spiked club
              (16 damage)
             ... on level 4 of the Dungeon.
             The game lasted 00:06:03 (3165 turns).

Dexcius the Chopper (Minotaur Berserker)            Turns: 3165, Time: 00:06:04

Health: -1/70      AC:  2    Str: 25 (26) XL:     5   Next: 7%
Magic:  4/4        EV: 12    Int:  4      God:    Trog [**....]
Gold:   83         SH:  0    Dex: 10 (11) Spells: 0 memorised, 4 levels left

rFire  . . .     SeeInvis .     a - +0 hand axe
rCold  . . .     Gourm    .     b - +0 animal skin
rNeg   . . .     Faith    .     (no shield)
rPois  .         Spirit   .     (helmet restricted)
rElec  .         Reflect  .     (no cloak)
rCorr  .         Harm     .     (no gloves)
MR     .....                    (no boots)
Stlth  ..........               (no amulet)
                                (no ring)
                                (no ring)

@: berserking, very quick
A: retaliatory headbutt, horns 2
a: Berserk, Trog's Hand, Burn Spellbooks, Renounce Religion


You were on level 4 of the Dungeon.
You worshipped Trog.
Trog was pleased with you.
You were not hungry.

You visited 1 branch of the dungeon, and saw 4 of its levels.

You collected 83 gold pieces.

Inventory:

Hand Weapons
 a - a +0 hand axe (weapon)
Armour
 b - a +0 animal skin (worn)
Scrolls
 d - a scroll of magic mapping {unknown}
 e - a scroll of remove curse {unknown}
 h - 3 scrolls of identify {unknown}
 i - 2 scrolls of noise {unknown}
 j - 2 scrolls of teleportation {unknown}
 k - a scroll of enchant armour {unknown}
 l - 2 scrolls of amnesia {unknown}
Potions
 f - 2 potions of heal wounds
 g - a potion of haste
 m - 3 potions of curing
Comestibles
 c - 2 bread rations


   Skills:
 + Level 4.7 Fighting
 + Level 5.6 Axes
 + Level 2.7 Armour
 + Level 2.9 Dodging
 + Level 0.3 Stealth


You had 4 spell levels left.
You didn't know any spells.

Dungeon Overview and Level Annotations

Branches:
Dungeon (4/15)
 Temple: D:4-7

Altars:
Elyvilon
Gozag
Hepliaklqana
Kikubaaqudgha
Makhleb
Okawaru
Ru
Trog
Zin
The Shining One


Innate Abilities, Weirdness & Mutations

You reflexively headbutt those who attack you in melee.
You have a pair of horns on your head.


Message History

Your headbutt misses the adder skeleton.
The adder skeleton bites you. x2
You hit the adder skeleton. You headbutt the adder skeleton!
You destroy the adder skeleton!
Trog accepts your kill.
An ogre comes into view. It is wielding a giant spiked club.
The ogre shouts!
An ogre is nearby!
The ogre completely misses you.
You hit the ogre.
The ogre is lightly wounded.
The ogre hits you with a giant spiked club!!
Ouch! That really hurt!
* * * LOW HITPOINT WARNING * * *
You hit the ogre. You headbutt the ogre.
The ogre is heavily wounded.
A red film seems to cover your vision as you go berserk!
You feel yourself moving faster!
You feel mighty!
You feel a lot more hungry.
The ogre hits you with a giant spiked club!
You die...

#.### #. #.#
#. #.#
##########.
#.#
#..........
#.#
#.#########
##.# #.#
##.#.##.#
######.###.#.#
#...O@## ##..#
#...##.###.###
#.#
#.#.####### ≈.
#....)...# #
########.# #.#
#.# #.# #.#


You could see an ogre.

Vanquished Creatures
  A hound (D:4)
  An iguana (D:4)
  2 adders (D:3)
  2 oozes (D:2)
  An adder skeleton (D:4)
  2 worms (D:3)
  2 dart slugs
  5 leopard geckos
  A ball python (D:3)
  7 bats
  2 giant cockroaches (D:2)
  4 goblins
  3 hobgoblins
  3 jackals (D:1)
  A quokka (D:4)
  4 frilled lizards
  5 kobolds
  6 rats
52 creatures vanquished.

Notes
Turn   | Place    | Note
-------+----------+-------------------------------------------
     0 | D:1      | Dexcius the Minotaur Berserker began the quest for the Orb.
     0 | D:1      | Reached XP level 1. HP: 19/19 MP: 0/0
   237 | D:1      | Reached XP level 2. HP: 26/27 MP: 1/1
   839 | D:2      | Reached skill level 4 in Axes
   910 | D:2      | Found a bloodstained altar of Trog.
  1242 | D:2      | Reached XP level 3. HP: 33/33 MP: 2/2
  1563 | D:3      | Found a sacrificial altar of Ru.
  1809 | D:3      | Found a hazy altar of Hepliaklqana.
  1812 | D:3      | Found a glowing golden altar of the Shining One.
  1815 | D:3      | Found a white marble altar of Elyvilon.
  1829 | D:3      | Found a glowing silver altar of Zin.
  2257 | D:3      | Reached XP level 4. HP: 26/41 MP: 3/3
  2413 | D:3      | Found an opulent altar of Gozag.
  2413 | D:3      | Found an ancient bone altar of Kikubaaqudgha.
  2414 | D:3      | Found a burning altar of Makhleb.
  2433 | D:3      | Reached skill level 5 in Axes
  2509 | D:3      | Found an iron altar of Okawaru.
  2566 | D:3      | Reached ** piety under Trog
  3010 | D:4      | Reached XP level 5. HP: 28/47 MP: 4/4
  3161 | D:4      | Noticed an ogre
  3165 | D:4      | Slain by an ogre

Skill      XL: |  1  2  3  4 |
---------------+-------------+-----
Fighting       | 4 |  4.7
Axes           | 4 5 |  5.6
Armour         | |  2.7
Dodging        | |  2.9
Stealth        | |  0.3

Action                   |  1- 3 |  4- 6 || total
-------------------------+-------+-------++-------
Melee: Hand axe          |    82 |    28 ||   110
       Headbutt          |     9 |     4 ||    13
Invok: Berserk           |       |     1 ||     1
  Use: Potion            |     7 |     1 ||     8
  Eat: Bread ration      |     1 |     1 ||     2
       Royal jelly       |     1 |       ||     1
Armor: Animal skin       |    12 |     7 ||    19
Dodge: Dodged            |    63 |    20 ||    83
